 Dungeon Crawl Stone Soup version 0.31-a0-986-g5e6e4ef867 (webtiles) character file.

Game seed: 12877935842886994629

294 wildpjah the Slasher (level 6, 0/38 HPs)
             Began as a Tengu Fighter on Nov 20, 2023.
             Slain by a gnoll
             ... wielding a +0 whip
             ... led by a gnoll bouda
              (6 damage)
             ... on level 4 of the Dungeon.
             The game lasted 00:03:02 (2206 turns).

wildpjah the Slasher (Tengu Fighter)                Turns: 2206, Time: 00:03:03

Health: 0/38       AC:  7    Str: 17    XL:     6   Next: 33%
Magic:  7/7        EV: 10    Int:  8    God:
Gold:   130        SH:  5    Dex: 15    Spells: 5/5 levels left

rFire   . . .        a - +0 long sword
rCold   . . .        c - +0 buckler
rNeg    . . .        b - +0 scale mail
rPois   .            (helmet restricted)
rElec   .            (no cloak)
rCorr   .            (no gloves)
SInv    .            (boots unavailable)
Will    .....        (no amulet) Stlth
                     (no ring)
HPRegen 0.26/turn    (no ring)
MPRegen 0.10/turn

%: acrobat
@: no status effects
A: beak, talons 3, acrobatic
a: no special abilities


You were on level 4 of the Dungeon.
You visited 1 branch of the dungeon, and saw 5 of its levels.

You collected 130 gold pieces.

Inventory:

Hand Weapons
 a - a +0 long sword (weapon)
Armour
 b - a +0 scale mail (worn)
 c - a +0 buckler (worn)
Jewellery
 k - a +6 ring of intelligence
 m - a +6 ring of intelligence
Scrolls
 e - 3 scrolls of enchant weapon {unknown}
 g - 2 scrolls of immolation {unknown}
 h - a scroll of revelation {unknown}
 j - a scroll of silence {unknown}
 n - 2 scrolls of vulnerability {unknown}
 p - 2 scrolls of teleportation {unknown}
 s - a scroll of amnesia {unknown}
Potions
 f - a potion of curing {unknown}
 i - a potion of berserk rage {unknown}
 l - a potion of lignification {unknown}
 o - a potion of haste {unknown}
 q - a potion of degeneration {unknown}
 r - a potion of magic {unknown}


   Skills:
 + Level 3.6 Fighting
 + Level 4.7 Long Blades
 + Level 4.6 Armour
 + Level 2.0 Dodging
 + Level 0.1 Stealth
 + Level 3.6 Shields


You had 5 spell levels left.
You didn't know any spells.
Your spell library contained the following spells:

 Spells                   Type           Power      Damage    Failure   Level
 Volatile Blastmotes      Fire/Tloc      0%         2d10      99%         3
 Fulminant Prism          Conj/Hex       0%         3d5       100%        4
 Iskenderun's Mystic Bla  Conj/Tloc      0%         2d3       100%        4


Dungeon Overview and Level Annotations

Branches:
Dungeon (5/15)
 Temple: D:4-7

Altars:
Xom


Innate Abilities, Weirdness & Mutations

You have a beak for a mouth.
You have claws for feet.
You can magically evade attacks while moving or waiting.


Message History

The gnoll attacks as it pursues you! You block the gnoll's attack.
The gnoll completely misses you.
The gnoll is no longer moving quickly.
The gnoll attacks as it pursues you! The gnoll completely misses you.
The gnoll attacks as it pursues you! You block the gnoll's attack.
The gnoll attacks as it pursues you! The gnoll completely misses you.
An adder comes into view.
The adder hisses angrily.
You closely miss the gnoll.
The gnoll is moderately wounded.
You block the adder's attack. The gnoll closely misses you.
You hit the adder.
The adder is lightly wounded.
You block the adder's attack. The gnoll hits you with a +0 whip.
The adder bites you but does no damage.
You hit the adder. You claw the adder.
You kill the adder!
The gnoll closely misses you.
The gnoll bouda gazes fiercely through you!
You feel your attacks grow feeble.
Your Dodging skill increases to level 2!
The gnoll attacks as it pursues you! The gnoll closely misses you.
The gnoll bouda barks out a call to the hunt!
The gnolls pick up the pace!
You see here an adder corpse.
Found 4 gold pieces.
The gnoll attacks as it pursues you! The gnoll completely misses you.
You block the gnoll's attack. The gnoll attacks as it pursues you!
The gnoll hits you but does no damage. The gnoll attacks as it pursues you!
The gnoll completely misses you.
Found a stone staircase leading down.
Your attacks no longer feel as feeble.
The gnoll attacks as it pursues you! The gnoll misses you.
The gnoll hits you with a +0 whip.
You see here 4 gold pieces.
You now have 130 gold pieces (gained 4).
The gnoll hits you with a +0 flail!
* * * LOW HITPOINT WARNING * * *
The gnoll hits you with a +0 whip.
You die...

.....##.........# #
######.#.##.........###
#......g...g....g....gg
#.####g#.######.#######
#.#.gS..g......#
##.########.###.#
#.S.......#.#
#.###gg######.#.#
#.....@.>...# #.###.###
#####.##...............
#. .##.#.#.###.### #. .
# .# #.. #. #. #g# #.
.# #.# #. . #g# #. #g#
#.#


You could see a gnoll bouda, 3 gnolls and a ball python.

Vanquished Creatures
  A black bear (D:4)
  A hound (D:3)
  An iguana (D:4)
  A gnoll (D:4)
  5 adders
  2 worms (D:2)
  3 dart slugs
  An orc (D:4)
  6 ball pythons
  7 endoplasms
  6 giant cockroaches
  5 goblins
  8 hobgoblins
  3 jackals (D:2)
  A quokka (D:2)
  5 bats
  4 frilled lizards
  8 kobolds
  7 rats
75 creatures vanquished.

Notes
Turn   | Place    | Note
-------+----------+-------------------------------------------
     0 | D:1      | wildpjah the Tengu Fighter began the quest for the Orb.
     0 | D:1      | Reached XP level 1. HP: 14/14 MP: 2/2
   132 | D:1      | Reached XP level 2. HP: 19/19 MP: 3/3
   456 | D:1      | Reached XP level 3. HP: 23/23 MP: 4/4
   844 | D:2      | Reached XP level 4. HP: 14/28 MP: 5/5
   981 | D:2      | Found a shimmering altar of Xom.
  1738 | D:3      | Reached XP level 5. HP: 24/32 MP: 6/6
  1845 | D:3      | Reached skill level 1 in Dodging
  1926 | D:3      | You fall into a shaft and drop 2 floors!
  1926 | D:5      | Entered Level 5 of the Dungeon
  1941 | D:4      | Noticed a black bear
  1947 | D:4      | Killed a black bear
  1948 | D:4      | Reached XP level 6. HP: 30/38 MP: 7/7
  2206 | D:4      | Slain by a gnoll

Illustrated notes

Levels and vault maps discovered:
D:1:      matt_arrival_refuge, layout_loops_ring
D:2:      layout_basic, basic_altar, nicolae_figureground_sparkle
D:3:      layout_loops_ring, nicolae_overflow_hidden_temple, uniq_robin
D:4:      layout_basic, minmay_ruptured
D:5:      layout_basic, nicolae_wu_jian_wuxing_cycle,
          mainiacjoe_overflow_six_doors_small

Skill      XL: |  1  2  3  4  5  6 |
---------------+-------------------+-----
Armour         | 4 |  4.6
Long Blades    | 3 4 |  4.7
Dodging        | 1 2 |  2.0
Fighting       | |  3.6
Stealth        | |  0.1
Shields        | |  3.6

Action                     |  1- 3 |  4- 6 || total
---------------------------+-------+-------++-------
  Melee: Long sword        |    67 |   100 ||   167
         Kick              |    12 |    18 ||    30
         Peck              |    10 |    13 ||    23
    Use: Potion            |       |     1 ||     1
 Armour: Scale mail        |    49 |    65 ||   114
  Dodge: Dodged            |    36 |    82 ||   118
  Block: Buckler           |    11 |    29 ||    40

Table legend: (Time is in decaauts)
 A = Elapsed time spent in this place.
 B = Non-inter-level travel time spent in this place.
 C = Inter-level travel time spent in this place.
 D = Time resting spent in this place.
 E = Time spent auto-exploring this place.
 F = Levels seen in this place.
 G = Mean time per level.
                   A        B        C        D        E       F      G
               +--------+--------+--------+--------+--------+-----+--------+
         Total |   2251 |   2231 |     20 |      0 |   1752 |   5 |  450.2 |
       Dungeon |   2251 |   2231 |     20 |      0 |   1752 |   5 |  450.2 |
               +--------+--------+--------+--------+--------+-----+--------+

Top non-repeatable levels by time:
     D:2: 892 daAuts
     D:1: 755 daAuts
     D:3: 316 daAuts
     D:4: 275 daAuts
     D:5: 11 daAuts
